 Dungeon Crawl Stone Soup version 0.21.1-1-g345015f (webtiles) character file.

232793 Golfball the Severer (level 19, -2/172 HPs)
             Began as a Hill Orc Fighter on June 5, 2018.
             Was the Champion of Okawaru.
             Slain by a harpy (10 damage)
             ... summoned by Kirke
             ... on level 15 of the Dungeon.
             The game lasted 02:30:06 (33690 turns).

Golfball the Severer (Hill Orc Fighter)            Turns: 33690, Time: 02:30:07

Health: -2/172     AC:  0    Str: 24    XL:     19   Next: 9%
Magic:  27/27      EV: 25    Int:  8    God:    Okawaru [******]
Gold:   2006       SH:  0    Dex: 13    Spells: 18/18 levels left

rFire    + . .     SeeInvis .     - Unarmed
rCold    . . .     Gourm    .   (shield currently unavailable)
rNeg     + . .     Faith    .   (armour currently unavailable)
rPois    +         Spirit   .   (helmet currently unavailable)
rElec    .         Reflect  .   (cloak currently unavailable)
rCorr    .         Harm     .   (gloves currently unavailable)
MR       +....                  (boots currently unavailable)
Stlth    +.........             X - amulet of Xicutt {rPois rF+ rN+ Regen+}
HPRegen  0.78/turn              (ring currently unavailable)
MPRegen  0.20/turn              (ring currently unavailable)

@: confused, pig-form, heroism, slowed
A: small
}: 2/15 runes: decaying, serpentine
a: Heroism, Finesse, Renounce Religion


You were on level 15 of the Dungeon.
You worshipped Okawaru.
Okawaru was exalted by your worship.
You were not hungry.
You were a filthy swine.
You visited 5 branches of the dungeon, and saw 31 of its levels.

You collected 3136 gold pieces.
You spent 1130 gold pieces at shops.

Inventory:

Hand Weapons
 a - a +6 broad axe of flaming (melded)
 b - a +1 fustibalus
 g - the +11 flail of Conscience {freeze, rF+ rC++ Str+4 Int-4}
   (You took it off an orc warrior on level 6 of the Dungeon)

   It has been specially enchanted to freeze those struck by it, causing extra
   injury to most foes and up to half again as much damage against particularly
   susceptible opponents.
   It can also slow down cold-blooded creatures.
   It affects your strength (+4).
   It affects your intelligence (-4).
   It protects you from fire.
   It greatly protects you from cold.
 q - the +4 executioner's axe of Okawaru's Delight {chop, +Blink rF+ Str-5}
   (Okawaru gifted it to you on level 4 of the Swamp)

   It inflicts extra damage upon your enemies.
   It affects your strength (-5).
   It protects you from fire.
   It lets you blink.
Missiles
 t - 292 sling bullets
 u - 41 tomahawks (quivered)
Armour
 x - a +1 cloak (melded)
 H - a +0 helmet of see invisible (melded)
 L - the +9 large shield "Kerphu" (melded) {Str+4}
   (Okawaru gifted it to you on level 1 of the Snake Pit)

   It affects your strength (+4).
 O - a +4 chain mail of fire resistance (melded)
 R - a +2 pair of gloves of archery (melded)
 U - a +2 pair of boots of running (melded)
Jewellery
 k - a +5 ring of evasion (melded)
 y - a +5 ring of evasion (melded)
 F - a +3 ring of strength
 Q - an uncursed ring of resist corrosion
 V - a +5 amulet of reflection
 X - the amulet of Xicutt (around neck) {rPois rF+ rN+ Regen+}
   (You found it on level 5 of the Lair of Beasts)

   [amulet of regeneration]

   It protects you from fire.
   It protects you from poison.
   It protects you from negative energy.
   It increases your rate of regeneration.
Wands
 c - a wand of scattershot (5)
 m - a wand of disintegration (78)
 o - a wand of acid (10)
 C - a wand of iceblast (43)
 G - a wand of enslavement (39)
 I - a wand of polymorph (28)
 M - a wand of digging (32)
 S - a wand of paralysis (42)
 Y - a wand of flame (47)
Scrolls
 e - 2 scrolls of fog
 h - a scroll of blinking
 r - 3 scrolls of magic mapping
 v - 12 scrolls of teleportation
 z - 14 scrolls of remove curse
 K - 3 scrolls of fear
 N - 2 scrolls of holy word
 T - 7 scrolls of identify
Potions
 d - 7 potions of might
 i - a potion of invisibility
 l - 3 potions of heal wounds
 n - 5 potions of flight
 p - 3 potions of agility
 s - 5 potions of haste
 w - 2 potions of berserk rage
 B - 13 potions of curing
 J - a potion of resistance
 P - 3 potions of mutation
 W - 2 potions of cancellation
Miscellaneous
 j - a lamp of fire
 Z - a lightning rod (4/4)
Comestibles
 f - 41 rations
 A - 10 chunks of flesh


   Skills:
 + Level 15.7(20.7) Fighting
 - Level 17.5(23.0) Axes
 - Level 6.2(16.7) Maces & Flails
 + Level 11.7(16.7) Slings
 - Level 14.0(19.0) Armour
 - Level 10.0(15.0) Dodging
 - Level 14.0(19.0) Shields
 - Level 11.0 Invocations
 - Level 10.0 Evocations


You had 18 spell levels left.
You didn't know any spells.

Dungeon Overview and Level Annotations

Branches:
Dungeon (15/15)            Temple (0/1) D:7            Lair (6/6) D:10
  Swamp (4/4) Lair:4        Snake (4/4) Lair:4        Slime (0/5) Lair:5
    Orc (2/2) D:12            Elf (0/3) Orc:2        Vaults (0/5) D:13
 Depths: D:15

Altars:
Ashenzari
Dithmenos
Elyvilon
Hepliaklqana
Okawaru
Qazlal
Ru
Trog
Xom
Zin
The Shining One
Jiyva

Shops:
D:4 !   D:7 *   D:8 (   Orc:1 (   Orc:2 (=*[   Snake:4 ?

Annotations:
D:15 Kirke
Lair:5 1 runed door


Message History

The harpy screeches!
Kirke appears from thin air!
Reactivating autopickup.
The harpy closely misses you. The harpy misses you.
The harpy completely misses you. The harpy misses you. x2
The harpy closely misses you.
The harpy screeches!
The harpy misses you. The harpy completely misses you. x2
The harpy misses you.
You hit the harpy.
The harpy is lightly wounded.
The harpy completely misses you. The harpy claws you!
* * * LOW HITPOINT WARNING * * *
Kirke casts a spell.
Kirke flickers and vanishes!
Deactivating autopickup; reactivate with Ctrl-A.
The harpy claws you.
* * * LOW HITPOINT WARNING * * *
The harpy claws you!
You die...

####### ##.(<[.## ####
#.......# #### #[.## #...<...#
##.(##
_..(######'###'######.)..##
.....##..........H##..)..=#
..##+#.......#..hH.#(##...#
:.#......#........h...#..##
#.'...........#.......'.##
###.......#...........###
...............#....H.z###
....#......#.......#..{h.##
...#............#...#..h..###
............#...............#
........................≈≈h.##


You could see a sphinx, a skeletal warrior, 2 harpies and 3 hogs.

Vanquished Creatures
  A tentacled monstrosity (Swamp:4)
  Rupert (D:14)
  6 thorn hunters
  A storm dragon (D:15)
  A tengu reaver (D:15)
  10 nagarajas
  The ghost of hawkwood the Devastator, a journeyman NaWz of Gozag (D:14)
  Aizul (Snake:2)
  2 stone giants
  An entropy weaver (Lair:5)
  Azrael (Orc:2)
  3 ettins (Orc:2)
  A yaktaur captain (D:15)
  5 vault guards
  A rakshasa (D:15)
  24 hydras
  Fannar (D:12)
  2 great orbs of eyes (D:15)
  8 naga warriors
  The ghost of dedward the Magician, a journeyman GnSk of Wu Jian (D:8)
  8 anacondas
  2 death knights (D:12)
  4 centaur warriors
  10 two-headed ogres
  7 alligators
  6 shock serpents
  Urug (D:14)
  A queen ant (Lair:5)
  10 naga sharpshooters
  2 salamander mystics
  A skeletal warrior (D:11)
  3 unseen horrors
  3 spriggan druids
  A wizard (D:13)
  13 swamp dragons
  5 naga ritualists
  A shambling mangrove (Swamp:2)
  Pikel (D:5)
  A deep elf mage (D:15)
  8 ugly things
  9 mana vipers
  2 phantasmal warriors (D:12)
  4 orc knights
  15 salamanders
  4 oklob plants (Lair:5)
  2 necromancers (D:13)
  2 manticores (D:15)
  11 cyclopes
  A centaur zombie (D:15)
  36 black mambas
  4 elephants
  A torpor snail (Lair:5)
  3 guardian serpents (Snake:4)
  Maurice (D:11)
  20 naga magi
  A centaur skeleton (D:13)
  6 komodo dragons
  12 spiny frogs
  A redback zombie (D:13)
  A rime drake (Lair:4)
  A yaktaur (D:15)
  A tengu conjurer (D:13)
  2 efreet (D:15)
  A komodo dragon (shapeshifter) (D:14)
  The ghost of frimble the Ruffian, an amateur TrTm (D:4)
  3 freezing wraiths
  7 trolls
  A tyrant leech (Swamp:2)
  4 polar bears (Lair:6)
  The ghost of Zenkrye the Digger, an amateur DDEE (D:6)
  14 hornets
  Prince Ribbit (D:6)
  A meliai zombie (D:14)
  9 blink frogs
  8 dream sheep (Lair:6)
  10 bog bodies
  11 slime creatures
  11 hippogriffs
  19 spriggans
  A shadow (D:14)
  60 yaks
  Eustachio (D:6)
  5 wyverns
  3 wraiths
  A hog (D:15)
  21 humans (D:13)
  2 hungry ghosts
  10 vampire mosquitoes
  3 basilisks
  77 nagas
  16 insubstantial wisps
  2 wargs (Orc:2)
  15 swamp worms
  6 soldier ants
  4 hell hounds (Orc:2)
  2 floating eyes (D:15)
  3 acid dragons
  11 water moccasins
  9 porcupines
  4 sky beasts
  20 swamp drakes
  24 orc warriors
  5 ice beasts
  A slave (D:5)
  A necrophage (D:5)
  6 black bears
  14 ogres
  5 boggarts
  6 centaurs
  24 wolves
  9 crocodiles
  3 big kobolds
  22 bullfrogs
  2 wyvern skeletons
  4 scorpions
  4 electric eels (D:10)
  5 howler monkeys
  9 crimson imps
  3 jellies
  3 bullfrog zombies
  17 orc priests
  5 hounds
  5 bullfrog skeletons
  Terence (D:3)
  2 iguanas
  36 orc wizards
  17 worker ants
  A hound zombie (D:6)
  A hound skeleton (D:7)
  8 adders
  3 shadow imps
  An adder skeleton (D:6)
  A dart slug (D:1)
  3 worms
  6 leopard geckos
  103 orcs
  4 bats
  A giant cockroach (D:2)
  9 hobgoblins
  18 jackals
  A quokka (D:11)
  A ball python (D:4)
  3 frilled lizards
  4 goblins
  12 kobolds
  A leopard gecko skeleton (D:7)
  7 rats
  19 briar patches
  6 fungi
  3 plants
1127 creatures vanquished.

Vanquished Creatures (others)
  A naga (Snake:4)
  An orc (Orc:1)
  A leopard gecko skeleton (D:5)
  7 briar patches
  A bush (Lair:6)
  28 fungi
  27 plants
  4 toadstools (Swamp:3)
70 creatures vanquished.

Grand Total: 1197 creatures vanquished

Notes
Turn   | Place    | Note
-------+----------+-------------------------------------------
     0 | D:1      | Golfball the Hill Orc Fighter began the quest for the Orb.
     0 | D:1      | Reached XP level 1. HP: 19/19 MP: 1/1
    90 | D:1      | Reached skill level 3 in Axes
   223 | D:1      | Reached XP level 2. HP: 13/26 MP: 2/2
   458 | D:1      | Reached skill level 4 in Axes
   894 | D:1      | Reached XP level 3. HP: 30/31 MP: 3/3
  1154 | D:2      | Found a shadowy altar of Dithmenos.
  1157 | D:2      | Reached skill level 5 in Axes
  1629 | D:3      | Noticed Terence
  1641 | D:3      | Killed Terence
  1641 | D:3      | Reached XP level 4. HP: 39/39 MP: 4/4
  1665 | D:3      | Reached skill level 6 in Axes
  2179 | D:3      | Found a stormy altar of Qazlal.
  2200 | D:3      | Found a shattered altar of Ashenzari.
  2200 | D:3      | Found a glowing golden altar of the Shining One.
  2203 | D:3      | Became a worshipper of the Shining One
  2354 | D:4      | Reached skill level 7 in Axes
  2354 | D:4      | Reached XP level 5. HP: 45/45 MP: 5/5
  2374 | D:4      | Found an iron altar of Okawaru.
  2384 | D:4      | Fell from the grace of the Shining One
  2384 | D:4      | Became a worshipper of Warmaster Okawaru
  2385 | D:4      | Noticed frimble's ghost (amateur TrTm)
  2405 | D:4      | Killed frimble's ghost
  2405 | D:4      | Reached * piety under Okawaru
  2405 | D:4      | Reached skill level 5 in Fighting
  2405 | D:4      | Reached XP level 6. HP: 27/56 MP: 5/8
  2406 | D:4      | Reached ** piety under Okawaru
  2926 | D:4      | Reached XP level 7. HP: 61/61 MP: 10/10
  2970 | D:4      | Found Kayst's Distillery.
  2973 | D:4      | Bought a potion of heal wounds for 70 gold pieces
  3075 | D:5      | Entered Level 5 of the Dungeon
  3244 | D:5      | Reached skill level 5 in Invocations
  3486 | D:5      | Noticed Pikel
  3510 | D:5      | Killed Pikel
  3510 | D:5      | Reached *** piety under Okawaru
  3510 | D:5      | Reached XP level 8. HP: 73/73 MP: 9/13
  3530 | D:5      | Reached skill level 1 in Evocations
  3731 | D:6      | Noticed Zenkrye's ghost (amateur DDEE)
  3745 | D:6      | Killed Zenkrye's ghost
  3745 | D:6      | Reached **** piety under Okawaru
  3745 | D:6      | Reached skill level 5 in Shields
  3747 | D:6      | Reached XP level 9. HP: 80/80 MP: 12/14
  3757 | D:6      | Found a bloodstained altar of Trog.
  3917 | D:6      | Noticed Prince Ribbit
  3953 | D:6      | Killed Prince Ribbit
  4140 | D:6      | Found a hazy altar of Hepliaklqana.
  4365 | D:6      | Noticed Eustachio
  4374 | D:6      | Killed Eustachio
  4374 | D:6      | Reached skill level 5 in Evocations
  4457 | D:6      | Got an encrusted flail {freeze}
  4458 | D:6      | Identified the +11 flail of Conscience {freeze, rF+ rC++ Str+4 Int-4} (You took it off an orc warrior on level 6 of the Dungeon)
  5159 | D:7      | Reached skill level 1 in Dodging
  5166 | D:7      | Reached ***** piety under Okawaru
  5317 | D:7      | Found a staircase to the Ecumenical Temple.
  5367 | D:7      | Noticed a two-headed ogre
  5374 | D:7      | Killed a two-headed ogre
  5374 | D:7      | Reached skill level 8 in Axes
  5374 | D:7      | Reached XP level 10. HP: 77/87 MP: 12/15
  5558 | D:7      | Found Ysmurias's Island Escapes.
  5603 | D:7      | Reached skill level 9 in Axes
  6054 | D:8      | Received a gift from Okawaru
  6103 | D:8      | Found Uczukledwuo's Weapon Shop.
  6130 | D:8      | Noticed dedward's ghost (journeyman GnSk)
  6170 | D:8      | Killed dedward's ghost
  6170 | D:8      | Reached skill level 10 in Axes
  6311 | D:8      | Found a shimmering altar of Xom.
  6311 | D:8      | Found a shimmering altar of Xom.
  6312 | D:8      | Found a shimmering altar of Xom.
  6313 | D:8      | Found a shimmering altar of Xom.
  6313 | D:8      | Found a shimmering altar of Xom.
  6447 | D:8      | Found a glowing silver altar of Zin.
  6664 | D:9      | Found a white marble altar of Elyvilon.
  6794 | D:9      | Found a white marble altar of Elyvilon.
  6855 | D:9      | Reached skill level 5 in Dodging
  7415 | D:10     | Entered Level 10 of the Dungeon
  7495 | D:10     | Reached skill level 11 in Axes
  7696 | D:10     | Received a gift from Okawaru
  7696 | D:10     | Reached XP level 11. HP: 88/93 MP: 16/16
  7872 | D:10     | Reached skill level 12 in Axes
  8443 | D:10     | Found a staircase to the Lair.
  8506 | D:10     | Reached skill level 5 in Armour
  8557 | D:10     | Noticed a two-headed ogre
  8571 | D:10     | Killed a two-headed ogre
  8660 | D:10     | Noticed an orc knight
  8679 | D:10     | Killed an orc knight
  9247 | D:11     | Reached skill level 13 in Axes
  9534 | Lair:1   | Entered Level 1 of the Lair of Beasts
 10499 | Lair:2   | Reached skill level 1 in Slings
 11124 | Lair:3   | Reached skill level 14 in Axes
 11124 | Lair:3   | Reached XP level 12. HP: 101/101 MP: 17/17
 11291 | Lair:3   | Received a gift from Okawaru
 11909 | Lair:3   | Noticed a four-headed hydra
 11918 | Lair:3   | Killed a four-headed hydra
 12015 | Lair:3   | Reached skill level 5 in Slings
 12429 | Lair:4   | Reached skill level 10 in Invocations
 12923 | Lair:4   | Found a staircase to the Snake Pit.
 13001 | Lair:4   | Found a staircase to the Swamp.
 13280 | Lair:4   | Noticed a four-headed hydra
 13292 | Lair:4   | Killed a four-headed hydra
 13292 | Lair:4   | Reached ****** piety under Okawaru
 13399 | Lair:4   | Noticed a six-headed hydra
 13407 | Lair:4   | Killed a six-headed hydra
 13407 | Lair:4   | Received a gift from Okawaru
 13588 | Lair:5   | Found a runed door.
 13588 | Lair:5   | Found a viscous altar of Jiyva.
 13594 | Lair:5   | Found a staircase to the Slime Pits.
 13594 | Lair:5   | Noticed an acid blob
 13835 | Lair:5   | Received a gift from Okawaru
 14123 | Lair:4   | Reached XP level 13. HP: 96/111 MP: 21/21
 14568 | Lair:5   | Reached skill level 10 in Fighting
 14589 | Lair:5   | Got a flickering sapphire amulet
 14591 | Lair:5   | Identified the amulet of Xicutt {rPois rF+ rN+ Regen+} (You found it on level 5 of the Lair of Beasts)
 14911 | Lair:5   | Identified a scroll of acquirement
 14918 | Lair:5   | Identified a +2 pair of boots of running (You acquired it on level 5 of the Lair of Beasts)
 14930 | Lair:5   | Noticed an entropy weaver
 14944 | Lair:5   | Killed an entropy weaver
 15020 | Lair:5   | Received a gift from Okawaru
 15640 | Lair:6   | Entered Level 6 of the Lair of Beasts
 15803 | Lair:6   | Received a gift from Okawaru
 15984 | Lair:6   | Received a gift from Okawaru
 16091 | Lair:6   | Received a gift from Okawaru
 16690 | Lair:6   | Reached XP level 14. HP: 124/124 MP: 22/22
 17122 | Lair:6   | Received a gift from Okawaru
 17770 | D:11     | Reached skill level 10 in Dodging
 18203 | D:12     | Noticed Maurice
 18256 | D:11     | Killed Maurice
 18508 | D:11     | Received a gift from Okawaru
 18508 | D:11     | Reached skill level 10 in Evocations
 18938 | D:12     | Noticed Fannar
 18952 | D:12     | Killed Fannar
 19318 | D:12     | Found a staircase to the Orcish Mines.
 19445 | Orc:1    | Entered Level 1 of the Orcish Mines
 19694 | Orc:2    | Entered Level 2 of the Orcish Mines
 19709 | Orc:2    | Noticed Azrael
 19720 | Orc:2    | Killed Azrael
 19795 | Orc:2    | Found Geshe's Antique Armour Boutique.
 19804 | Orc:2    | Reached skill level 10 in Armour
 19813 | Orc:2    | Received a gift from Okawaru
 19865 | Orc:2    | Bought a pearl-encrusted scale mail for 297 gold pieces
 19865 | Orc:2    | Identified the +1 scale mail of the Clam {MP+9 Str+2 Dex+3} (You bought it in a shop on level 2 of the Orcish Mines)
 19973 | Orc:2    | Found Heapsikh's Jewellery Shop.
 19986 | Orc:2    | Found a staircase to the Elven Halls.
 20025 | Orc:2    | Noticed a stone giant
 20039 | Orc:2    | Killed a stone giant
 20039 | Orc:2    | Reached XP level 15. HP: 93/129 MP: 21/23
 20233 | Orc:2    | Found Xeakhenom's General Store.
 20473 | Orc:2    | Found Juisinul's Antique Weapon Emporium.
 20498 | Orc:2    | Bought an encrusted hand axe for 176 gold pieces
 20498 | Orc:2    | Identified the cursed +2 hand axe of Jiotos {freeze, *Rage rF+ Dex+4 SInv} (You bought it in a shop on level 2 of the Orcish Mines)
 20824 | Orc:1    | Found Ezeil's Antique Weapon Emporium.
 21097 | Swamp:1  | Entered Level 1 of the Swamp
 22035 | Swamp:2  | Received a gift from Okawaru
 22147 | Swamp:2  | Noticed a thorn hunter
 22158 | Swamp:2  | Killed a thorn hunter
 22316 | Swamp:2  | Received a gift from Okawaru
 22320 | Swamp:2  | Reached skill level 10 in Slings
 22698 | Swamp:2  | Received a gift from Okawaru
 23110 | Swamp:3  | Noticed a thorn hunter
 23113 | Swamp:3  | Received a gift from Okawaru
 23142 | Swamp:3  | Killed a thorn hunter
 23142 | Swamp:3  | Reached skill level 10 in Shields
 23334 | Swamp:3  | Reached XP level 16. HP: 136/139 MP: 24/24
 23378 | Swamp:3  | Noticed a thorn hunter
 23391 | Swamp:3  | Killed a thorn hunter
 23591 | Swamp:3  | Noticed a thorn hunter
 23607 | Swamp:3  | Killed a thorn hunter
 24063 | Snake:1  | Entered Level 1 of the Snake Pit
 24888 | Snake:1  | Received a gift from Okawaru
 24918 | Snake:1  | Got a fine large shield {god gift}
 24929 | Snake:1  | Identified the +9 large shield "Kerphu" {Str+4} (Okawaru gifted it to you on level 1 of the Snake Pit)
 25918 | Snake:2  | Noticed a nagaraja
 25934 | Snake:2  | Killed a nagaraja
 26045 | Snake:2  | Noticed a nagaraja
 26063 | Snake:2  | Killed a nagaraja
 26063 | Snake:2  | Reached skill level 15 in Axes
 26120 | Snake:2  | Noticed Aizul
 26144 | Snake:2  | Killed Aizul
 26810 | Snake:2  | You fall through a shaft!
 26820 | Snake:3  | Received a gift from Okawaru
 26842 | Snake:3  | Received a gift from Okawaru
 27024 | Snake:3  | Reached XP level 17. HP: 152/152 MP: 25/25
 27647 | Snake:3  | Reached skill level 16 in Axes
 27835 | Snake:3  | Reached skill level 1 in Maces & Flails
 28371 | Swamp:4  | Entered Level 4 of the Swamp
 28733 | Swamp:4  | Noticed a tentacled monstrosity
 28754 | Swamp:4  | Killed a tentacled monstrosity
 28754 | Swamp:4  | Reached skill level 5 in Maces & Flails
 28822 | Swamp:4  | Received a gift from Okawaru
 28881 | Swamp:4  | Got a decaying rune of Zot
 28942 | Swamp:4  | Received a gift from Okawaru
 28945 | Swamp:4  | Got an ichor-stained executioner's axe {god gift}
 28951 | Swamp:4  | Identified the +4 executioner's axe of Okawaru's Delight {chop, +Blink rF+ Str-5} (Okawaru gifted it to you on level 4 of the Swamp)
 29312 | Snake:4  | Entered Level 4 of the Snake Pit
 29403 | Snake:4  | Found Beatyeh's Magic Scroll Boutique.
 29424 | Snake:4  | Bought a scroll of teleportation for 57 gold pieces
 29424 | Snake:4  | Bought a scroll of enchant armour for 142 gold pieces
 29424 | Snake:4  | Bought a scroll of enchant weapon for 142 gold pieces
 29424 | Snake:4  | Bought a scroll of enchant armour for 142 gold pieces
 29424 | Snake:4  | Bought a scroll of magic mapping for 66 gold pieces
 29424 | Snake:4  | Bought a scroll of identify for 38 gold pieces
 30126 | Snake:4  | Reached skill level 17 in Axes
 30242 | Snake:4  | Reached XP level 18. HP: 158/160 MP: 26/26
 30420 | Snake:4  | Received a gift from Okawaru
 30962 | Snake:4  | Got a serpentine rune of Zot
 31979 | D:13     | Found a gate to the Vaults.
 32278 | D:14     | Noticed hawkwood's ghost (journeyman NaWz)
 32309 | D:14     | Killed hawkwood's ghost
 32367 | D:14     | Noticed Urug
 32379 | D:14     | Killed Urug
 32379 | D:14     | Received a gift from Okawaru
 32638 | D:14     | Found an iron altar of Okawaru.
 32645 | D:14     | Received a gift from Okawaru
 32690 | D:14     | Noticed Rupert
 32718 | D:14     | Killed Rupert
 32932 | D:15     | Entered Level 15 of the Dungeon
 32936 | D:15     | Reached skill level 15 in Fighting
 32954 | D:15     | Paralysed by a floating eye for 3 turns
 33046 | D:15     | Paralysed by a great orb of eyes for 4 turns
 33096 | D:15     | Got a slimy glass ring
 33098 | D:15     | Identified the ring "Qigu" {+Fly Dex+2 Stlth+} (You found it on level 15 of the Dungeon)
 33171 | D:15     | Found a sacrificial altar of Ru.
 33249 | D:15     | Got a pitted marble ring
 33251 | D:15     | Identified the ring "Hoipoice" {Ice rElec} (You found it on level 15 of the Dungeon)
 33501 | D:15     | Reached XP level 19. HP: 145/170 MP: 24/27
 33540 | D:15     | Found a sacrificial altar of Ru.
 33605 | D:15     | Got a flickering pewter ring
 33607 | D:15     | Identified the ring "Pedoixic" {+Fly EV+2 Int+4} (You found it on level 15 of the Dungeon)
 33634 | D:15     | Paralysed by a floating eye for 3 turns
 33647 | D:15     | Noticed Kirke
 33690 | D:15     | HP: 8/172 [harpy[Kirke] (4)]
 33690 | D:15     | Slain by a harpy

Skill      XL: |  1  2  3  4  5  6  7  8  9 10 11 12 13 14 15 16 17 18 |
---------------+-------------------------------------------------------+-----
Axes           | 3 4 5 7 8 11 14 15 17 | 17.5
Fighting       | 5 8 9 11 12 14 15 | 15.7
Invocations    | 3 4 7 11 | 11.0
Evocations     | 3 6 8 10 | 10.0
Shields        | 5 7 10 11 12 14 | 14.0
Dodging        | 3 5 6 9 10 | 10.0
Armour         | 7 10 11 12 14 | 14.0
Slings         | 2 6 8 10 11 | 11.7
Maces & Flails | 6 |  6.2

Action                   |  1- 3 |  4- 6 |  7- 9 | 10-12 | 13-15 | 16-18 | 19-21 || total
-------------------------+-------+-------+-------+-------+-------+-------+-------++-------
Melee: War axe           |    98 |   114 |   231 |   906 |    88 |       |       ||  1437
       Broad axe         |       |       |       |    35 |  1396 |  1576 |    53 ||  3060
       Flail             |       |       |       |    17 |     5 |       |       ||    22
       Battleaxe         |       |       |       |       |    10 |       |       ||    10
       Punch             |       |       |       |       |     1 |       |       ||     1
       Hand axe          |       |       |       |       |       |     3 |       ||     3
       Unarmed           |       |       |       |       |       |       |    14 ||    14
 Fire: Fustibalus        |       |       |       |    10 |     9 |       |       ||    19
Invok: Heroism           |       |       |     3 |     5 |    19 |    15 |     1 ||    43
       Finesse           |       |       |       |     2 |     1 |     3 |       ||     6
Evoke: Wand              |       |       |       |       |    19 |       |       ||    19
  Use: Scroll            |     3 |     6 |     7 |    13 |    13 |    17 |     1 ||    60
       Potion            |       |     1 |       |     1 |       |     1 |       ||     3
 Stab: Distracted        |       |       |     1 |     1 |       |       |       ||     2
       Paralysed         |       |       |       |       |       |     2 |       ||     2
       Confused          |       |       |       |       |       |     4 |       ||     4
  Eat: Chunk             |     2 |     5 |     8 |    19 |    23 |    12 |       ||    69
       Ration            |       |       |       |     3 |     2 |     6 |     1 ||    12
Armor: Scale mail        |    34 |    26 |    45 |    82 |       |       |       ||   187
       Chain mail        |       |       |       |    72 |   446 |   211 |     7 ||   736
Dodge: Dodged            |    59 |    49 |   141 |   568 |  1235 |   519 |    40 ||  2611
Block: Shield            |    64 |    52 |    96 |   121 |   527 |   146 |       ||  1006
       Buckler           |       |       |       |   156 |    67 |       |       ||   223
       Large shield      |       |       |       |       |       |  1551 |    55 ||  1606
